 Dungeon Crawl Stone Soup version 0.30-a0-165-g1891117ce2 (webtiles) character file.

Game seed: 13087684302778226523

1408 funkygono the Geomancer (level 8, -10/44 HPs)
             Began as a Gargoyle Earth Elementalist on Sept 28, 2022.
             Blown up by Pikel (18 damage)
             ... with a mindburst bolt
             ... on level 7 of the Dungeon.
             The game lasted 00:09:10 (6792 turns).

funkygono the Geomancer (GrEE)                      Turns: 6792, Time: 00:09:10

Health: -10/44     AC: 12    Str: 11    XL:     8   Next: 70%
Magic:  5/18       EV: 13    Int: 22    God:
Gold:   283        SH:  0    Dex: 17    Spells: 14/20 levels left

rFire   . . .      SeeInvis .    C - +8 quarterstaff "Imp's Nightmare" {vorpal, Int+3}
rCold   . . .      Faith    .    (shield currently unavailable)
rNeg    + . .      Spirit   .    a - +0 robe
rPois   ∞          Reflect  .    (no helmet)
rElec   +          Harm     .    (no cloak)
rCorr   .          Rampage  .    (no gloves)
Will    .....                    x - +0 pair of boots of the Cooper {rElec Dex+7 Stlth-}
Stlth   +.........               (no amulet)
HPRegen 0.14/turn                v - +4 ring of protection
MPRegen 0.16/turn                (no ring)

@: no status effects
A: sickness immunity, AC +5, negative energy resistance 1, electricity
resistance, torment resistance 1, petrification resistance
a: no special abilities


You were on level 7 of the Dungeon.
You visited 1 branch of the dungeon, and saw 7 of its levels.

You collected 335 gold pieces.
You spent 52 gold pieces at shops.

Inventory:

Hand Weapons
 c - a +0 mace
 f - a +0 whip
 C - the +8 quarterstaff "Imp's Nightmare" (weapon) {vorpal, Int+3}
   (You found it on level 6 of the Dungeon)

   It inflicts extra damage upon your enemies.
   Int:       It affects your intelligence (+3).
Armour
 a - a +0 robe (worn)
 x - the +0 pair of boots of the Cooper (worn) {rElec Dex+7 Stlth-}
   (You found it on level 5 of the Dungeon)

   Dex:       It affects your dexterity (+7).
   rElec:     It insulates you from electricity.
   Stlth:     It makes you less stealthy.
 E - the +0 leather armour of Jats {rC+ Int+2 SInv}
   (You found it on level 6 of the Dungeon)

   Int:       It affects your intelligence (+2).
   rC:        It protects you from cold.
   SInv:      It lets you see invisible.
Jewellery
 v - a +4 ring of protection (left hand)
Wands
 b - a wand of quicksilver (7)
 A - a wand of polymorph (5)
Scrolls
 e - 4 scrolls of teleportation {unknown}
 j - a scroll of immolation {unknown}
 l - 3 scrolls of enchant armour {unknown}
 o - a scroll of blinking {unknown}
 p - 4 scrolls of vulnerability {unknown}
 q - 2 scrolls of magic mapping {unknown}
 s - 2 scrolls of poison {unknown}
 t - a scroll of amnesia {unknown}
 y - 2 scrolls of fear {unknown}
 z - a scroll of noise {unknown}
 D - a scroll of enchant weapon {unknown}
 F - a scroll of identify
Potions
 d - a potion of degeneration {unknown}
 g - 2 potions of flight
 h - 9 potions of curing
 i - 5 potions of haste
 k - a potion of cancellation
 m - a potion of brilliance
 n - a potion of berserk rage
 r - a potion of heal wounds {unknown}
 u - 3 potions of mutation
 w - 2 potions of attraction
 B - a potion of might {unknown}


   Skills:
 + Level 2.0 Fighting
 + Level 1.3 Maces & Flails
 + Level 0.2(0.8) Staves
 + Level 2.7 Dodging
 - Level 2.1 Stealth
 + Level 6.8 Spellcasting
 + Level 1.5 Conjurations
 + Level 0.7 Transmutations
 + Level 8.3 Earth Magic


You had 14 spell levels left.
You knew the following spells:

 Your Spells              Type           Power      Damage    Failure   Level
a - Sandblast             Erth           88%        2d18      1%          1
b - Passwall              Tmut/Erth      22%        N/A       1%          2
c - Stone Arrow           Conj/Erth      58%        3d10      3%          3

Your spell library contained the following spells:

 Spells                   Type           Power      Damage    Failure   Level
 Beastly Appendage        Tmut           20%        N/A       6%          1
 Ensorcelled Hibernation  Hex/Ice        14%        N/A       13%         2
 Petrify                  Tmut/Erth      27%        N/A       13%         4
 Gell's Gravitas          Tloc           7%         N/A       26%         3
 Swiftness                Air            7%         N/A       26%         3
 Teleport Other           Tloc           7%         N/A       26%         3
 Alistair's Intoxication  Tmut/Pois      6%         N/A       90%         5
 Dispersal                Tloc           3%         N/A       100%        6
 Eringya's Noxious Bog    Tmut/Pois      4%         N/A       100%        6
 Statue Form              Tmut/Erth      Unusable   N/A       N/A         6

Dungeon Overview and Level Annotations

Branches:
Dungeon (7/15)
 Temple: D:4-7

Altars:
Ashenzari
Makhleb
Trog
Xom
The Shining One

Shops:
D:1 :   D:6 **

Annotations:
D:7 Pikel


Innate Abilities, Weirdness & Mutations

You are immune to sickness and miasma.
Your stone body is resilient. (AC +5)
You are immune to poison.
You resist negative energy. (rN+)
You are resistant to electric shocks. (rElec)
You are resistant to unholy torment.
You are immune to petrification.


Message History

Aim: Pikel, wielding a +1 whip of electrocution, wearing a +0 robe and carrying a wand of mindburst (23) (lightly wounded, 64% to hit)
The stone arrow hits Pikel!
Pikel is heavily wounded.
Pikel barely misses you.
You closely miss Pikel.
Pikel is heavily wounded.
Pikel hits you with a +1 whip of electrocution.
Casting: Stone Arrow (dangerous; 3% risk of failure)
Confirm with . or Enter, or press ? or * to list all spells.
Aiming: Stone Arrow (dangerous; 3% risk of failure)
Press: ? - help, Shift-Dir - straight line, f/p - Pikel
Aim: Pikel, wielding a +1 whip of electrocution, wearing a +0 robe and carrying a wand of mindburst (23) (heavily wounded, 64% to hit)
The stone arrow hits Pikel!
Pikel is severely wounded.
Pikel zaps a wand.
Your mind is blasted!
You barely miss Pikel.
Pikel is severely wounded.
A lemure comes into view.
Pikel closely misses you.
Casting: Stone Arrow (dangerous; 3% risk of failure)
Confirm with . or Enter, or press ? or * to list all spells.
Aiming: Stone Arrow (dangerous; 3% risk of failure)
Press: ? - help, Shift-Dir - straight line, f/p - Pikel
Aim: Pikel, wielding a +1 whip of electrocution, wearing a +0 robe and carrying a wand of mindburst (22) (severely wounded, 64% to hit)
The stone arrow hits Pikel!
Pikel is almost dead.
Pikel zaps a wand.
Your mind is blasted!
You closely miss Pikel.
Pikel is almost dead.
Pikel zaps a wand.
Your mind is blasted!
* * * LOW HITPOINT WARNING * * *
Casting: Stone Arrow (dangerous; 3% risk of failure)
Confirm with . or Enter, or press ? or * to list all spells.
Aiming: Stone Arrow (dangerous; 3% risk of failure)
Press: ? - help, Shift-Dir - straight line, f/p - Pikel
Aim: Pikel, wielding a +1 whip of electrocution, wearing a +0 robe and carrying a wand of mindburst (20) (almost dead, 64% to hit)
The stone arrow misses Pikel.
The stone arrow hits the lemure!
The lemure is heavily wounded.
Pikel zaps a wand.
Your mind is blasted!
You die...

#.......... ..
######.#### ##.#
### #[# ..# #.#
#######.#######
#.#
..5K..55...?...
.##.#### # #5#
........ #K#
###..... #@#
#####.
##############.#
#.
...............#
### #.
........########
##.#######.
.######.......#
#..........
#######.#
##.######## #.#
#.# #.# #.# #.#
#.#


You could see Pikel and 3 lemures.

Vanquished Creatures
  Duvessa (D:5)
  An ice beast (D:6)
  An ogre (D:6)
  A black bear (D:4)
  A centaur (D:4)
  A lemure (D:7)
  2 phantoms
  A bullfrog (D:6)
  2 scorpions (D:7)
  Dowan (D:5)
  4 crimson imps (D:6)
  3 hounds
  A jelly (D:6)
  2 iguanas
  An orc wizard (D:4)
  6 gnolls (D:5)
  4 adders
  2 white imps (D:6)
  2 ufetubi (D:4)
  3 worms
  3 dart slugs
  19 orcs
  11 bats
  8 endoplasms
  2 giant cockroaches
  6 goblins
  7 hobgoblins
  7 kobolds
  3 quokkas
  8 ball pythons
  2 frilled lizards
  9 rats
125 creatures vanquished.

Notes
Turn   | Place    | Note
-------+----------+-------------------------------------------
     0 | D:1      | funkygono the Gargoyle Earth Elementalist began the quest
                  | for the Orb.
     0 | D:1      | Reached XP level 1. HP: 10/10 MP: 3/3
   200 | D:1      | Reached skill level 4 in Earth Magic
   200 | D:1      | Reached XP level 2. HP: 15/15 MP: 3/5
   203 | D:1      | Learned a level 2 spell: Passwall
   477 | D:1      | Found Veejelapn's Book Shoppe.
   581 | D:1      | Found a faded altar of an unknown god.
   944 | D:1      | Reached XP level 3. HP: 19/19 MP: 4/6
   948 | D:1      | Learned a level 3 spell: Stone Arrow
  2377 | D:3      | Reached XP level 4. HP: 24/24 MP: 6/8
  2757 | D:3      | Reached skill level 5 in Earth Magic
  2979 | D:4      | Noticed a black bear
  2984 | D:4      | Killed a black bear
  2985 | D:4      | Reached XP level 5. HP: 20/28 MP: 3/11
  3168 | D:4      | Found a burning altar of Makhleb.
  3168 | D:4      | Found a broken altar of Ashenzari.
  3287 | D:4      | Noticed a centaur
  3291 | D:4      | Killed a centaur
  3292 | D:4      | Reached skill level 6 in Earth Magic
  3292 | D:4      | Reached XP level 6. HP: 31/32 MP: 9/12
  3711 | D:5      | Entered Level 5 of the Dungeon
  4005 | D:5      | Noticed Duvessa
  4315 | D:5      | Killed Duvessa
  4316 | D:5      | Reached skill level 5 in Spellcasting
  4316 | D:5      | Reached XP level 7. HP: 13/37 MP: 11/14
  4512 | D:5      | Noticed Dowan
  4522 | D:5      | Killed Dowan
  4523 | D:5      | Reached skill level 7 in Earth Magic
  4699 | D:5      | Identified the +0 pair of boots of the Cooper {rElec Dex+7
                  | Stlth-}
  4816 | D:5      | Got the Parchment of the Unstable Spider
  5397 | D:6      | Identified the +8 quarterstaff "Imp's Nightmare" {vorpal,
                  | Int+3}
  5408 | D:6      | Found a glowing golden altar of the Shining One.
  5444 | D:6      | Found a bloodstained altar of Trog.
  5545 | D:6      | Reached XP level 8. HP: 42/42 MP: 9/16
  5603 | D:6      | Reached skill level 8 in Earth Magic
  5649 | D:6      | Identified the +0 leather armour of Jats {rC+ Int+2 SInv}
  5852 | D:6      | Reached skill level 1 in Maces & Flails
  5986 | D:6      | Found Hovoziur's Specific Store.
  5989 | D:6      | Found Xeibeim's General Store.
  5995 | D:6      | Bought 2 scrolls of identify for 52 gold pieces
  6028 | D:6      | Found a shimmering altar of Xom.
  6042 | D:6      | Reached skill level 1 in Conjurations
  6780 | D:7      | Noticed Pikel
  6792 | D:7      | Blown up by Pikel

Illustrated notes

Levels and vault maps discovered:
D:1:      dpeg_arrival_court, layout_basic,
          shapermc_ecumenical_altar_mp_ritualfount, serial_shops,
          nicolae_diamond_shop
D:2:      layout_loops_ring
D:3:      layout_basic
D:4:      layout_basic, nicolae_overflow_two_pavilions
D:5:      layout_loops_ring, uniq_duvessa
D:6:      layout_basic, led_xom_imps, mainiacjoe_overflow_catch_the_wave,
          minmay_misc_feat_nine_boxes, nicolae_specific_store
D:7:      layout_loops_ring, nicolae_overflow_crystal_walls,
          minmay_temple_entry_enclosed_plants, uniq_pikel

Skill      XL: |  1  2  3  4  5  6  7  8 |
---------------+-------------------------+-----
Earth Magic    | 4 5 6 7 8 |  8.3
Spellcasting   | 4 5 6 |  6.8
Dodging        | 2 |  2.7
Maces & Flails | 1 |  1.3
Conjurations   | 1 |  1.5
Fighting       | 2 |  2.0
Staves         | |  0.2
Stealth        | |  2.1
Transmutations | |  0.7

Action                   |  1- 3 |  4- 6 |  7- 9 || total
-------------------------+-------+-------+-------++-------
Melee: Mace              |     9 |    19 |     4 ||    32
       Punch             |       |     1 |       ||     1
       Quarterstaff      |       |       |    11 ||    11
 Cast: Sandblast         |    63 |    85 |    33 ||   181
       Stone Arrow       |       |     1 |    17 ||    18
  Use: Potion            |       |     1 |       ||     1
       Scroll            |       |       |     8 ||     8
Armor: Robe              |     9 |    20 |    13 ||    42
Dodge: Dodged            |    11 |    51 |    18 ||    80

Table legend: (Time is in decaauts)
 A = Elapsed time spent in this place.
 B = Non-inter-level travel time spent in this place.
 C = Inter-level travel time spent in this place.
 D = Time resting spent in this place.
 E = Time spent auto-exploring this place.
 F = Levels seen in this place.
 G = Mean time per level.
                   A        B        C        D        E       F      G
               +--------+--------+--------+--------+--------+-----+--------+
         Total |   6900 |   6700 |    200 |    782 |   5141 |   7 |  985.7 |
       Dungeon |   6900 |   6700 |    200 |    782 |   5141 |   7 |  985.7 |
               +--------+--------+--------+--------+--------+-----+--------+

Top non-repeatable levels by time:
     D:1: 1534 daAuts
     D:4: 1513 daAuts
     D:6: 1150 daAuts
     D:5: 947 daAuts
     D:2: 869 daAuts
     D:3: 620 daAuts
     D:7: 264 daAuts
